AoeStats
← Demax

Arabia

510231183Analyzed
1v1 RM · 24h ago on Sep 30, 2026· 30m 0s· 2 players
Game mode
Random Map
Map size
Tiny (2 player)
Population
200
Speed
Normal
Resources
Standard
Victory
Conquest
Starting age
Dark Age
Ending age
Imperial Age
RankedLock teamsTeams togetherTeam positionsShared explorationLock speedFull tech treeHidden civsTurbo modeCheats
Victory
Defeat
🇨🇷 Burgundians · Costa Rica
1204
+15
🇦🇷 Magyars · Argentina
1179
-15
Luchiansky
6:06 Loom
9:27 Feudal Age
11:09 Double-Bit Axe
11:07 Horse Collar
18:47 Wheelbarrow
22:18 Castle Age
20:28 Gold Mining
21:33 Bloodlines
21:50 Fletching
22:31 Padded Archer Armor
23:22 Bow Saw
23:14 Heavy Plow
24:14 Husbandry
26:12 Bodkin Arrow
28:31 Leather Archer Armor
Demax
6:50 Loom
12:26 Feudal Age
16:03 Forging
21:22 Castle Age
20:04 Scale Barding Armor
20:12 Double-Bit Axe
20:26 Horse Collar
21:19 Gold Mining
21:36 Cavalier
22:55 Iron Casting
26:49 Chain Barding Armor
27:05 Husbandry
Connection lost

Rejoining the realm…

Still unreachable

The connection could not be restored.

Session expired

The server has moved on; the page needs a fresh start.